 Dungeon Sprint DCSS version 0.22-a0-224-g8cf3520 (webtiles) character file.

280 Ghella the Protected (level 8, -3/56 HPs)
             Began as a Gargoyle Fighter on Feb 19, 2018.
             Was a Follower of Ru.
             Slain by the 27-headed Lernaean hydra (8 damage)
             ... in the Dungeon (Sprint VI: "Thunderdome").
             The game lasted 00:09:00 (677 turns).

Ghella the Protected (Gargoyle Fighter)              Turns: 677, Time: 00:09:02

Health: -3/56      AC: 14    Str: 25 (26) XL:     8   Next: 16%
Magic:  9/9        EV:  9    Int:  2 (3)  God:    Ru [*.....]
Gold:   290        SH: 12    Dex: 12      Spells: 7/7 levels left

rFire    . . .     SeeInvis .   u - +3 flail (curse)
rCold    + + .     Gourm    .   c - +0 shield
rNeg     + . .     Faith    .   b - +0 scale mail
rPois    ∞         Spirit   .   (no helmet)
rElec    +         Reflect  .   (no cloak)
rCorr    .         Harm     .   (no gloves)
MR       +....     NoTele   +   (no boots)
Stlth    ..........             s - amulet of Wariness {+Rage Str+3}
HPRegen  0.18/turn              p - ring "Xegop" {rPois rC+ MR+ Int-5 Slay+1}
MPRegen  0.11/turn              r - ring "Ohiklen" {+Fly rC+ Dex+3 Slay+3}

@: no status effects
A: deterioration 1, negative energy resistance 1, electricity resistance,
unbreathing, petrification resistance, rot immunity, unskilled 1, AC +5
a: Renounce Religion, Evoke Berserk Rage, Evoke Flight


You were in the Dungeon.
You worshipped Ru.
Ru was aware of your devotion.
You were not hungry.

You visited 1 branch You collected 600 gold pieces.
You spent 310 gold pieces at shops.

Inventory:

Hand Weapons
 a - a +0 flail
 u - a cursed +3 flail (weapon)
Armour
 b - a +0 scale mail (worn)
 c - a +0 shield (worn)
Jewellery
 p - the ring "Xegop" (left hand) {rPois rC+ MR+ Int-5 Slay+1}
   (You bought it in a shop in the Dungeon)

   [ring of slaying]

   It affects your intelligence (-5).
   It affects your accuracy and damage with ranged weapons and melee attacks
   (+1).
   It protects you from cold.
   It protects you from poison.
   It affects your resistance to hostile enchantments.
 q - the ring "Nyad" {rElec rN+ Str-5 Int+3}
   (You bought it in a shop in the Dungeon)

   [ring of intelligence]

   It affects your strength (-5).
   It affects your intelligence (+3).
   It insulates you from electricity.
   It protects you from negative energy.
 r - the ring "Ohiklen" (right hand) {+Fly rC+ Dex+3 Slay+3}
   (You bought it in a shop in the Dungeon)

   [ring of flight]

   It affects your dexterity (+3).
   It affects your accuracy and damage with ranged weapons and melee attacks
   (+3).
   It protects you from cold.
   It lets you fly.
 s - the amulet of Wariness (around neck) {+Rage Str+3}
   (You bought it in a shop in the Dungeon)

   [amulet of rage]

   It affects your strength (+3).
   It lets you go berserk.
 t - the ring "Haalofoz" {MR+ Stlth+}
   (You bought it in a shop in the Dungeon)

   [ring of stealth]

   It affects your resistance to hostile enchantments.
   It makes you more stealthy.
Wands
 m - a wand of iceblast (2)
Scrolls
 k - 4 scrolls of blinking
 n - 3 scrolls of fog
Potions
 d - a potion of might
 e - a potion of curing
 g - 3 potions of heal wounds
 h - 4 potions of haste
 i - 2 potions of magic
 j - a potion of berserk rage
 o - a potion of resistance
Comestibles
 f - 2 rations


   Skills:
 + Level 8.8 Fighting
 + Level 8.2 Maces & Flails
 + Level 9.4 Armour
 + Level 0.6 Dodging
 + Level 9.0 Shields
 + Level 2.2 Evocations


You had 7 spell levels left.
You didn't know any spells.

Dungeon Overview and Level Annotations

Branches:
Dungeon (1/1)

Altars:
Cheibriados
Dithmenos
Fedhas
Gozag
Kikubaaqudgha
Makhleb
Okawaru
Qazlal
Ru
Sif Muna
Trog
Uskayaw
Vehumet
Wu Jian
Xom
Yredelemnul
Zin
The Shining One
Beogh
Jiyva
Lugonu

Shops:
D *[%??*?*:[((!!!!

Annotations:
D Lernaean hydra


Innate Abilities, Weirdness & Mutations

You are resistant to torment.
Your stone body is resilient. (AC +5)
You are immune to poison.
You resist negative energy. (rN+)
You are resistant to electric shocks. (rElec)
You can survive without breathing.
You are immune to petrification.
You are immune to rotting.
You are somewhat unskilled. (-1 Apt)
Your body sometimes deteriorates upon taking damage.


Message History

The 27-headed Lernaean hydra bites you.
You block the 27-headed Lernaean hydra's attack. x2
The 27-headed Lernaean hydra bites you! x2
* * * LOW HITPOINT WARNING * * *
Your body deteriorates!
You feel weakened.
The 27-headed Lernaean hydra bites you but does no damage.
The 27-headed Lernaean hydra bites you.
* * * LOW HITPOINT WARNING * * *
The 27-headed Lernaean hydra bites you.
* * * LOW HITPOINT WARNING * * *
The 27-headed Lernaean hydra bites you.
* * * LOW HITPOINT WARNING * * *
You block the 27-headed Lernaean hydra's attack.
The 27-headed Lernaean hydra barely misses you.
The 27-headed Lernaean hydra bites you but does no damage.
The 27-headed Lernaean hydra bites you.
* * * LOW HITPOINT WARNING * * *
The 27-headed Lernaean hydra closely misses you.
The 27-headed Lernaean hydra bites you!
You die...

#∩.......∩# #_......._#
#_..)...._# #_......._#
###....[.[..###
#⌠...)[......§#
######.8.........8.##
##∩__.D.....###....[._
###∩...@.n..8.# #.8.....
##.......).....###...[...
#⌠..........###...###....
#⌠...(.)....# #.<.# #....
#⌠......)...###...###....
##........†...(###.......
###∩........8.# #.8.....
##∩.__(....(###......_
######.8..(......8.##


You could see the 27-headed Lernaean hydra and a bog body.

Vanquished Creatures
  A kobold demonologist (D)
  Sigmund (D)
  2 wraiths (D)
  A big kobold (D)
  Blork the orc (D)
  A wight (D)
  An orc wizard (D)
  An orc priest (D)
  Jessica (D)
  A spectral adder (D)
  4 orcs (D)
  2 spectral bats (D)
  A ball python (D)
  A bat skeleton (D)
  A quokka (D)
  4 kobolds (D)
24 creatures vanquished.

Notes
Turn   | Place    | Note
-------+----------+-------------------------------------------
     0 | D        | Ghella the Gargoyle Fighter began the quest for the Orb.
     0 | D        | Reached XP level 1. HP: 14/14 MP: 1/1
     1 | D        | Found a sacrificial altar of Ru.
     1 | D        | Found a roughly hewn altar of Beogh.
     2 | D        | Found a bloodstained altar of Trog.
     2 | D        | Found a stormy altar of Qazlal.
     3 | D        | Found a viscous altar of Jiyva.
     4 | D        | Found an opulent altar of Gozag.
     4 | D        | Found a shadowy altar of Dithmenos.
     4 | D        | Found Qotutz's Weapon Rack.
     4 | D        | Found Vomoc's Premium Goods.
     5 | D        | Found a hide-covered altar of Uskayaw.
     5 | D        | Round 1.
     6 | D        | Found Leodiarch's Do-It-Yourself Clinic.
     7 | D        | Found Sekat's Bottled Wisdom.
     7 | D        | Found Boaclyni's Distillery.
    11 | D        | Became a worshipper of Ru the Awakened
    12 | D        | Found an iron altar of Okawaru.
    12 | D        | Found a shimmering altar of Xom.
    12 | D        | Found a glowing golden altar of the Shining One.
    12 | D        | Found Moyhenuy's Distillery.
    16 | D        | Found a deep blue altar of Sif Muna.
    17 | D        | Found a glowing silver altar of Zin.
    22 | D        | Found a blossoming altar of Fedhas.
    23 | D        | Found a radiant altar of Vehumet.
    26 | D        | Found Esmaiss's Miscellaneous Merchandise.
    26 | D        | Found Coehav's Basic Armour.
    52 | D        | Noticed Sigmund
    57 | D        | Killed Sigmund
    57 | D        | Reached XP level 2. HP: 24/24 MP: 2/2
    57 | D        | Reached XP level 3. HP: 28/28 MP: 3/3
    57 | D        | Reached XP level 4. HP: 34/34 MP: 4/4
    57 | D        | Reached XP level 5. HP: 38/38 MP: 5/5
    61 | D        | Found an ancient bone altar of Kikubaaqudgha.
    62 | D        | Found a corrupted altar of Lugonu.
    62 | D        | Found a basalt altar of Yredelemnul.
    62 | D        | Found an ornate altar of the Wu Jian Council.
    62 | D        | Found Reib's Staff Store.
    62 | D        | Found Keocoh's Magic Scroll Shop.
    63 | D        | Found Hihatuj's Must-Have Magic.
    63 | D        | Found Iqyot's Magic Scroll Shop.
    73 | D        | Found a burning altar of Makhleb.
    74 | D        | Found a snail-covered altar of Cheibriados.
    74 | D        | Found Zeor's Delicious Food.
    75 | D        | Found Fuetega's Jewellery.
    75 | D        | Found Tacsel's Advanced Armour.
    76 | D        | Found Cudumol's Identification Station.
    84 | D        | Gained mutation: You are somewhat unskilled. (-1 Apt) [Ru sacrifice]
    84 | D        | Reached * piety under Ru
   118 | D        | Noticed Jessica
   131 | D        | Killed Jessica
   137 | D        | Arena points: 14 (+14) [x2]
   194 | D        | Round 2.
   245 | D        | Noticed Blork the orc
   263 | D        | Killed Blork the orc
   263 | D        | Reached XP level 6. HP: 39/44 MP: 6/6
   268 | D        | Reached skill level 1 in Evocations
   281 | D        | Arena points: 56 (+42) [x3]
   304 | D        | Bought a faintly glowing ruby amulet for 45 gold pieces
   304 | D        | Bought a crude turquoise ring for 45 gold pieces
   304 | D        | Bought a slimy amber ring for 45 gold pieces
   304 | D        | Identified the amulet "Pauh" {Inacc *Contam rF++ rN+ Str+4} (You bought it in a shop in the Dungeon)
   305 | D        | Identified the ring "Nyad" {rElec rN+ Str-5 Int+3} (You bought it in a shop in the Dungeon)
   306 | D        | Identified the ring "Ohiklen" {+Fly rC+ Dex+3 Slay+3} (You bought it in a shop in the Dungeon)
   310 | D        | Bought a translucent jade ring for 45 gold pieces
   310 | D        | Identified the ring "Xegop" {rPois rC+ MR+ Int-5 Slay+1} (You bought it in a shop in the Dungeon)
   311 | D        | Bought a translucent lead amulet for 45 gold pieces
   311 | D        | Identified the amulet of Wariness {+Rage Str+3} (You bought it in a shop in the Dungeon)
   312 | D        | Bought a pitted platinum ring for 45 gold pieces
   313 | D        | Identified the ring "Haalofoz" {MR+ Stlth+} (You bought it in a shop in the Dungeon)
   335 | D        | Round 3.
   371 | D        | Gained mutation: Your body sometimes deteriorates upon taking damage. [mutagenic glow]
   400 | D        | Noticed a wraith
   416 | D        | Noticed a wraith
   427 | D        | Killed a wraith
   427 | D        | Reached skill level 5 in Maces & Flails
   427 | D        | Reached XP level 7. HP: 43/49 MP: 6/8
   430 | D        | Killed a wraith
   451 | D        | Arena points: 140 (+84) [x4]
   490 | D        | Round 4.
   548 | D        | Noticed a kobold demonologist
   582 | D        | Noticed a chaos spawn
   585 | D        | Killed a kobold demonologist
   585 | D        | Reached XP level 8. HP: 54/56 MP: 3/9
   616 | D        | Arena points: 280 (+140) [x5]
   654 | D        | Bought 2 rations for 40 gold pieces
   663 | D        | Round 5.
   665 | D        | Noticed a bog body
   665 | D        | Noticed the 27-headed Lernaean hydra
   677 | D        | Slain by the 27-headed Lernaean hydra

Vault maps used:
D:        arena_sprint

Skill      XL: |  1  2  3  4  5  6  7 |
---------------+----------------------+-----
Fighting       | 7 7 8 |  8.8
Maces & Flails | 3 5 8 |  8.2
Armour         | 7 8 9 |  9.4
Shields        | 7 7 8 9 |  9.0
Evocations     | 1 2 |  2.2
Dodging        | |  0.6

Action                   |  1- 3 |  4- 6 |  7- 9 || total
-------------------------+-------+-------+-------++-------
Melee: Flail             |       |    58 |    29 ||    87
Invok: Sacrifice Skill   |       |     1 |       ||     1
       Reject Sacrifices |       |       |     1 ||     1
 Abil: Evoke Berserk Rag |       |     1 |       ||     1
Evoke: Wand              |     2 |     2 |     4 ||     8
  Use: Potion            |       |     1 |       ||     1
  Eat: Ration            |       |       |     1 ||     1
Armor: Scale mail        |       |    26 |    13 ||    39
Dodge: Dodged            |       |    10 |    12 ||    22
Block: Shield            |       |    27 |    22 ||    49

Table legend:
 A = Spawn XP
 B = Non-spawn XP
 C = Spawn XP percentage of total XP
 D = Spawn monster count
 E = Non-spawn monster count
 F = Spawn count percentage of total count
 G = Total turns spent on level
                    A         B        C        D         E        F      G
               +---------+---------+-------+---------+---------+-------+---------
         Total |       0 |    1395 |   0.0 |       0 |      24 |   0.0 |   677
               +---------+---------+-------+---------+---------+-------+---------
             D |       0 |    1395 |   0.0 |       0 |      24 |   0.0 |   677
               +---------+---------+-------+---------+---------+-------+---------
